 Dungeon Crawl Stone Soup version 0.29-a0-330-g52719c12eb (webtiles) character file.

Game seed: 2350880672324560064

345 tilp the Skirmisher (level 6, -6/52 HPs)
             Began as a Draconian Hedge Wizard on May 18, 2022.
             Was an Initiate of Sif Muna.
             Mangled by a gnoll
             ... wielding a +0 club
              (8 damage)
             ... on level 4 of the Dungeon.
             The game lasted 00:06:55 (3587 turns).

tilp the Skirmisher (Draconian Hedge Wizard)        Turns: 3587, Time: 00:06:55

Health: -6/52      AC:  9    Str: 12    XL:     6   Next: 32%
Magic:  8/10       EV: 12    Int: 17    God:    Sif Muna [......]
Gold:   147        SH:  0    Dex: 10    Spells: 7/11 levels left

rFire   . . .      SeeInvis .   b - +2 falchion (vamp)
rCold   . . .      Faith    .   (no shield)
rNeg    . . .      Spirit   .   (body armour unavailable)
rPois   .          Reflect  .   h - +1 hat
rElec   .          Harm     .   (no cloak)
rCorr   .          Rampage  .   l - +1 pair of gloves
Will    .....                   (no boots)
Stlth   ++........              (no amulet)
HPRegen 0.17/turn               (no ring)
MPRegen 0.12/turn               (no ring)

@: no status effects
A: AC +6, unfitting armour, cold-blooded
a: Renounce Religion


You were on level 4 of the Dungeon.
You worshipped Sif Muna.
Sif Muna was noncommittal.
You visited 2 branches of the dungeon, and saw 5 of its levels.

You collected 147 gold pieces.

Inventory:

Hand Weapons
 a - a +2 dagger of speed
 b - a +2 vampiric falchion (weapon)
Missiles
 d - 21 poisoned darts (quivered)
 e - 109 stones
 i - 3 boomerangs
Armour
 h - a +1 hat (worn)
 l - a +1 pair of gloves (worn)
Wands
 j - a wand of iceblast (7)
Scrolls
 f - a scroll of teleportation
Potions
 c - a potion of magic
 g - a potion of invisibility
 k - 3 potions of lignification
 m - a potion of brilliance {unknown}
 n - 2 potions of attraction


   Skills:
 + Level 4.0 Fighting
 + Level 2.0 Throwing
 + Level 3.0 Dodging
 - Level 2.0 Stealth
 - Level 3.0 Spellcasting
 + Level 3.0 Conjurations
 + Level 0.0 Hexes
 - Level 1.0 Summonings
 + Level 2.0 Translocations
 + Level 0.0 Evocations


You had 7 spell levels left.
You knew the following spells:

 Your Spells              Type           Power      Damage    Failure   Level
a - Magic Dart            Conj           48%        1d5       4%          1
b - Slow                  Hex            8%         N/A       17%         1
c - Blink                 Tloc           18%        N/A       12%         2

Your spell library contained the following spells:

 Spells                   Type           Power      Damage    Failure   Level
 Call Imp                 Summ           5%         N/A       17%         2
 Gell's Gravitas          Tloc           9%         N/A       22%         3
 Lesser Beckoning         Tloc           9%         N/A       22%         3
 Teleport Other           Tloc           9%         N/A       22%         3
 Conjure Flame            Conj/Fire      7%         6-21      28%         3
 Mephitic Cloud           Conj/Pois/Air  5%         N/A       34%         3
 Summon Guardian Golem    Hex/Summ       4%         N/A       38%         3
 Dispersal                Tloc           4%         N/A       100%        6
 Orb of Destruction       Conj           6%         9d6       100%        7
 Spellforged Servitor     Conj/Summ      4%         N/A       100%        7


Dungeon Overview and Level Annotations

Branches:
Dungeon (4/15)             Temple (1/1) D:4

Altars:
Ashenzari
Cheibriados
Dithmenos
Fedhas
Gozag
Hepliaklqana
Kikubaaqudgha
Makhleb
Okawaru
Qazlal
Ru
Sif Muna
Trog
Uskayaw
Vehumet
Wu Jian
Xom
Yredelemnul
Zin
The Shining One

Shops:
D:1 (


Innate Abilities, Weirdness & Mutations

Your plain brown scales are hard. (AC +6)
You cannot fit into any form of body armour.
You are cold-blooded and may be slowed by cold attacks.


Message History

The gnoll barely misses you.
You hit the gnoll shaman.
The gnoll shaman is heavily wounded.
The gnoll hits you with a +0 club. The gnoll shaman barely misses you.
The gnoll hits you but does no damage.
You closely miss the gnoll shaman.
The gnoll shaman is heavily wounded.
The gnoll hits you with a +0 club.
The gnoll shaman hits you with a +0 club.
The gnoll closely misses you.
You hit the gnoll shaman.
The gnoll shaman is severely wounded.
The gnoll shaman hits you with a +0 club.
The gnoll hits you with a +0 club.
* * * LOW HITPOINT WARNING * * *
The gnoll shaman closely misses you. The gnoll hits you but does no damage.
Unknown command.
Casting: Magic Dart (safe; 4% risk of failure)
Confirm with . or Enter, or press ? or * to list all spells.
You blink.
An endoplasm and a hobgoblin come into view.
The hobgoblin shouts!
The gnoll closely misses you. The gnoll hits you with a +0 club.
* * * LOW HITPOINT WARNING * * *
The gnoll barely misses you. The gnoll attacks as you move away!
The gnoll hits you with a +0 flail.
* * * LOW HITPOINT WARNING * * *
The gnoll attacks as you move away! The gnoll hits you with a +0 club.
* * * LOW HITPOINT WARNING * * *
The gnoll attacks as you move away! The gnoll hits you but does no damage.
The gnoll hits you with a +0 club.
* * * LOW HITPOINT WARNING * * *
The gnoll attacks as you move away! The gnoll hits you with a +0 club.
* * * LOW HITPOINT WARNING * * *
You feel stable enough to blink again.
The gnoll shaman attacks as you move away!
The gnoll shaman hits you with a +0 club.
* * * LOW HITPOINT WARNING * * *
The gnoll hits you with a +0 club!
You die...

##...........♣♣.♣
..........♣♣♣♣ P
.##......♣♣ #......♣
#######. #......♣♣
#....... ##......P♣
##......# ##.8.#...♣♣
#.......# #.........♣
#.......###8.@.8####♣
........##..g...#
#......J##J#g8.##
.........†.#g### #
.#..g....##gg#### #.
#######...g....# #.
#.....PP.P# ) #.
#.#.P♣.♣P... ..###
#.#...P♣ .. #...#


You could see a gnoll shaman, 5 gnolls and an endoplasm.

Vanquished Creatures
  Eustachio (D:4)
  A hound (D:3)
  2 orc priests (D:3)
  3 gnolls
  2 adders (D:4)
  3 worms
  A dart slug (D:1)
  8 orcs (D:3)
  6 ball pythons
  3 bats
  2 endoplasms
  2 giant cockroaches (D:4)
  4 goblins
  6 hobgoblins
  6 jackals
  3 quokkas
  A frilled lizard (D:1)
  4 kobolds
  4 rats
62 creatures vanquished.

Vanquished Creatures (others)
  An orc (D:3)
  5 plants (D:4)
6 creatures vanquished.

Grand Total: 68 creatures vanquished

Notes
Turn   | Place    | Note
-------+----------+-------------------------------------------
     0 | D:1      | tilp the Draconian Hedge Wizard began the quest for the
                  | Orb.
     0 | D:1      | Reached XP level 1. HP: 14/14 MP: 4/4
    80 | D:1      | You fall into a shaft and drop 1 floor!
   245 | D:1      | Reached XP level 2. HP: 12/22 MP: 6/6
   433 | D:1      | Reached skill level 1 in Fighting
   492 | D:1      | Found Mutix's Antique Weapon Shop.
   808 | D:1      | Found a faded altar of an unknown god.
   822 | D:1      | Reached XP level 3. HP: 25/29 MP: 7/7
   887 | D:1      | Reached skill level 2 in Fighting
   905 | D:1      | Learned a level 1 spell: Slow
   908 | D:1      | Learned a level 2 spell: Blink
  1070 | D:1      | Found an ornate altar of the Wu Jian Council.
  1440 | D:2      | Found a blossoming altar of Fedhas.
  1729 | D:3      | Reached XP level 4. HP: 37/37 MP: 1/8
  2027 | D:3      | Reached skill level 1 in Throwing
  2404 | D:3      | Identified the +6 whip "Viru" {venom, rPois rC+ Str+3}
  2445 | D:3      | Reached XP level 5. HP: 42/42 MP: 9/9
  2961 | D:4      | Noticed Eustachio
  3108 | D:4      | Reached skill level 3 in Fighting
  3126 | D:4      | Killed Eustachio
  3127 | D:4      | Reached XP level 6. HP: 35/52 MP: 10/10
  3266 | D:4      | Found a staircase to the Ecumenical Temple.
  3286 | Temple   | Entered the Ecumenical Temple
  3512 | Temple   | Became a worshipper of Sif Muna the Loreminder
  3567 | D:4      | Reached skill level 4 in Fighting
  3587 | D:4      | HP: 2/52 [gnoll shaman/+0 club (2)]
  3587 | D:4      | Mangled by a gnoll

Illustrated notes

Levels and vault maps discovered:
D:1:      dpeg_arrival_water_altar, layout_basic,
          shapermc_ecumenical_altar_pompeii, serial_shops, shop,
          minmay_pentomino_s4
D:2:      layout_basic, basic_altar, minmay_misc_feat_columns
D:3:      layout_rooms, kennysheep_generic_room_6
D:4:      layout_rooms, minmay_temple_entry_statues_pillars, serial_forest,
          infiniplex_forest_end_double, infiniplex_forest_clump_cross,
          infiniplex_forest_diagonal, infiniplex_forest_clump_large,
          infiniplex_forest_clump_tiny, infiniplex_forest_end_2, uniq_eustachio
Temple:   mainiacjoe_temple_bowtie_tessellation

Skill      XL: |  1  2  3  4  5  6 |
---------------+-------------------+-----
Dodging        | 2 3 |  3.0
Stealth        | 2 |  2.0
Fighting       | 1 2 3 4 |  4.0
Conjurations   | 2 3 |  3.0
Throwing       | 1 2 |  2.0
Translocations | 2 |  2.0
Spellcasting   | |  3.0
Summonings     | |  1.0

Action                   |  1- 3 |  4- 6 || total
-------------------------+-------+-------++-------
Melee: Dagger            |   139 |   100 ||   239
       Tailslap          |    23 |    22 ||    45
       Falchion          |       |    31 ||    31
Throw: Dart              |     4 |    12 ||    16
 Cast: Magic Dart        |    13 |    31 ||    44
       Blink             |       |     1 ||     1
Evoke: Wand              |       |     5 ||     5
  Use: Scroll            |    10 |     4 ||    14
       Potion            |     2 |       ||     2
 Stab: Sleeping          |     2 |       ||     2
       Invisible         |     2 |       ||     2
Armor: Skin              |    34 |    56 ||    90
Dodge: Dodged            |    72 |    98 ||   170

Table legend: (Time is in decaauts)
 A = Elapsed time spent in this place.
 B = Non-inter-level travel time spent in this place.
 C = Inter-level travel time spent in this place.
 D = Time resting spent in this place.
 E = Time spent auto-exploring this place.
 F = Levels seen in this place.
 G = Mean time per level.
                   A        B        C        D        E       F      G
               +--------+--------+--------+--------+--------+-----+--------+
         Total |   3522 |   3356 |    166 |    728 |   1975 |   5 |  704.4 |
       Dungeon |   3261 |   3147 |    114 |    728 |   1782 |   4 |  815.2 |
        Temple |    260 |    208 |     52 |      0 |    193 |   1 |  260.0 |
               +--------+--------+--------+--------+--------+-----+--------+

Top non-repeatable levels by time:
     D:3: 1099 daAuts
     D:1: 1028 daAuts
     D:2: 786 daAuts
     D:4: 347 daAuts
  Temple: 260 daAuts
